 Dungeon Crawl Stone Soup version 0.16.1-11-g651b585 (webtiles) character file.

57 karlm the Shield-Bearer (level 4, 36/37 HPs)
             Began as a Formicid Fighter on Apr 6, 2015.
             Quit the game on level 2 of the Dungeon.
             The game lasted 00:02:48 (1585 turns).

karlm the Shield-Bearer (Formicid Fighter)          Turns: 1585, Time: 00:02:48

Health: 36/37      AC:  8    Str: 21    XL:     4   Next: 18%
Magic:  5/5        EV:  8    Int:  7    God:
Gold:   136        SH:  9    Dex: 11    Spells: 0 memorised, 3 levels left

rFire  . . .     SeeInvis +     a - +0 long sword
rCold  . . .     Clarity  .     b - +0 scale mail
rNeg   . . .     SustAb   .     c - +0 shield
rPois  .         Gourm    .     (helmet unavailable)
rElec  .         Spirit   .     p - +0 cloak
rCorr  .         Warding  .     (no gloves)
rMut   .         Stasis   +     (no boots)
MR     .....                    (no amulet)
Stlth  ..........               (no ring)
                                (no ring)

@: not resistant to hostile enchantments, extremely unstealthy
A: permanent stasis, dig shafts and tunnels, four strong arms, antennae 3
a: Dig, Shaft Self


You were on level 2 of the Dungeon.
You were hungry.

You visited 1 branch of the dungeon, and saw 2 of its levels.

You collected 136 gold pieces.

Inventory:

Hand weapons
 a - a +0 long sword (weapon)
 i - a +0 hunting sling
Missiles
 f - 129 stones (quivered)
 g - 69 bolts
 s - 18 poisoned needles
 w - 3 tomahawks
Armour
 b - a +0 scale mail (worn)
 c - a +0 shield (worn)
 p - a +0 cloak (worn)
Scrolls
 j - a scroll of enchant armour {unknown}
 k - 2 scrolls of remove curse {unknown}
 l - 2 scrolls of identify {unknown}
 m - a scroll of amnesia {unknown}
 n - a scroll of random uselessness {unknown}
 r - a scroll of magic mapping {unknown}
 t - a scroll of teleportation {unknown}
 u - a scroll of noise {unknown}
Potions
 e - a potion of might
 h - 2 potions of magic {unknown}
 o - a potion of agility {unknown}
 q - 2 potions of heal wounds {unknown}
 v - a potion of brilliance {unknown}
Comestibles
 d - 3 bread rations
 x - a chunk of flesh


   Skills:
 + Level 3.7 Fighting
 * Level 2.8 Long Blades
 + Level 3.9 Armour
 + Level 4.1 Shields


You had 3 spell levels left.
You didn't know any spells.

Dungeon Overview and Level Annotations

Branches:
Dungeon (2/15)

Altars:


Innate Abilities, Weirdness & Mutations

You are under a permanent stasis effect.
You can dig through walls and to a lower floor.
Your four strong arms can wield two-handed weapons with a shield.
You have a pair of large antennae on your head (SInv).


Message History

You barely miss the worm.
The worm is moderately wounded.
You slash the worm!
The worm is heavily wounded.
You block the worm's attack.
You hit the worm.
The worm is severely wounded.
You block the worm's attack.
You hit the worm.
The worm is severely wounded.
The worm bites you but does no damage.
You hit the worm but do no damage.
The worm is severely wounded.
You block the worm's attack.
You hit the worm but do no damage.
The worm is severely wounded.
You slash the worm!
You kill the worm!
You see here a worm corpse.
Are you sure you want to abandon this character and quit the game? (Confirm with "yes".)

#...#.........#### #####.###
.......#####.## #.......#
##.##### #.# #.###.#.# #.# #.#
#.###.#.# #.# ##'## #.#...#.# #.#
##...## #.#.###.# #.# ##.....##
#.#.# #.# ##.## ##.......##
#.#.###.#
#...####........@###.......######
.......+.........'...............
#...####.........####...#########
...## ##.......##........# .#.#
##.....###.###.##.# # ...#
##...## # #....# # #.## ##'##
####.# # #.# #.#####.... # # #<#
#......# #


There were no monsters in sight!

Vanquished Creatures
  An adder (D:2)
  2 worms (D:2)
  2 giant geckos (D:1)
  2 giant cockroaches (D:2)
  2 goblins
  5 hobgoblins
  8 kobolds
  7 bats
  3 giant newts (D:2)
  4 rats
36 creatures vanquished.

Notes
Turn   | Place    | Note
--------------------------------------------------------------
     0 | D:1      | karlm, the Formicid Fighter, began the quest for the Orb.
     0 | D:1      | Reached XP level 1. HP: 18/18 MP: 1/1
   178 | D:1      | Reached XP level 2. HP: 16/24 MP: 3/3
   504 | D:1      | Reached XP level 3. HP: 29/29 MP: 4/4
  1090 | D:2      | Reached skill level 4 in Shields
  1278 | D:2      | Reached XP level 4. HP: 17/36 MP: 5/5
  1585 | D:2      | Quit the game

Action                   |  1- 3 |  4- 6 || total
-------------------------+-------+-------++-------
Melee: Long sword        |   122 |    17 ||   139
 Abil: Dig               |     3 |       ||     3
  Eat: Chunk             |     2 |       ||     2
